 Dungeon Crawl Stone Soup version 0.22.1-1-ga44c0e5 (webtiles) character file.

3544 codl the Fighter (level 9, -11/81 HPs)
             Began as a Minotaur Berserker on Sept 17, 2018.
             Was a High Priest of Trog.
             Mangled by an orc knight
             ... wielding a +0 halberd
              (32 damage)
             ... in a bailey on Sept 20, 2018.
             The game lasted 01:10:53 (7026 turns).

codl the Fighter (Minotaur Berserker)               Turns: 7026, Time: 01:10:54

Health: -11/81     AC: 10    Str: 22    XL:     9   Next: 82%
Magic:  8/8        EV: 14    Int:  4    God:    Trog [*****.]
Gold:   387        SH:  0    Dex: 13    Spells: 8/8 levels left

rFire    + + .     SeeInvis .   a - +1 hand axe (chop) {pepsi}
rCold    . . .     Gourm    .   (no shield)
rNeg     . . .     Faith    .   Z - +0 scale mail {rF+}
rPois    .         Spirit   .   (helmet restricted)
rElec    .         Reflect  .   (no cloak)
rCorr    .         Harm     .   e - +1 pair of gloves
MR       .....                  (no boots)
Stlth    +.........             (no amulet)
HPRegen  0.23/turn              d - ring of stealth
MPRegen  0.11/turn              I - ring of protection from fire

@: drained
A: retaliatory headbutt, horns 2
a: Berserk, Trog's Hand, Brothers in Arms, Renounce Religion


You were in a bailey.
You worshipped Trog.
Trog was extremely pleased with you.
You were not hungry.

You visited 2 branches of the dungeon, and saw 9 of its levels.
You also visited: Bailey.

You collected 387 gold pieces.

Inventory:

Hand Weapons
 a - a +1 hand axe of chopping (weapon) {pepsi}
 b - a +0 hunting sling
 V - a cursed -1 trident
Missiles
 m - 255 stones (quivered)
 w - 71 sling bullets
Armour
 e - a +1 pair of gloves (worn)
 z - a +0 chain mail
 X - a +0 plate armour
 Z - a +0 scale mail of fire resistance (worn)
Jewellery
 d - a ring of stealth (left hand)
 I - a ring of protection from fire (right hand)
 Q - an uncursed ring of poison resistance {unknown}
 R - an uncursed ring of wizardry {unknown}
 W - an uncursed ring of poison resistance {unknown}
Wands
 K - a wand of flame (40)
 N - a wand of acid (8)
 O - a wand of iceblast (11)
 P - a wand of random effects (21)
 S - a wand of digging (10)
Scrolls
 p - 3 scrolls of remove curse
 u - 3 scrolls of teleportation
 v - a scroll of enchant armour
 y - a scroll of fear
 E - a scroll of enchant weapon
 M - a scroll of fog
Potions
 f - a potion of magic
 n - 2 potions of curing
 x - 6 potions of haste
 T - 2 potions of heal wounds
 U - a potion of brilliance {unknown}
Comestibles
 c - 16 rations
 Y - 11 chunks of flesh


   Skills:
 + Level 8.1(8.0) Fighting
 + Level 8.0 Axes
 * Level 8.0 Slings
 + Level 7.6 Armour
 + Level 6.9 Dodging


You had 8 spell levels left.
You didn't know any spells.
Your spell library was empty.

Dungeon Overview and Level Annotations

Branches:
Dungeon (8/15)             Temple (1/1) D:4
   Lair: D:8-11

Altars:
Ashenzari
Cheibriados
Dithmenos
Elyvilon
Fedhas
Gozag
Hepliaklqana
Kikubaaqudgha
Makhleb
Nemelex Xobeh
Okawaru
Qazlal
Ru
Sif Muna
Trog
Uskayaw
Vehumet
Wu Jian
Xom
Yredelemnul
Zin
The Shining One

Annotations:
D:6 Sigmund
D:7 3 runed doors, exclusion: 3 doors, Paps's ghost, novice OpSu


Innate Abilities, Weirdness & Mutations

You reflexively headbutt those who attack you in melee.
You have a pair of horns on your head.


Message History

b - a +0 hunting sling (weapon)
Some of the chunks of flesh in your inventory have rotted away.
Eating one of 12 chunks of flesh.
You eat one of the 12 chunks of flesh.
This raw flesh tastes terrible.
a - a +1 hand axe of chopping (weapon)
{pepsi} You open the door.
The orc warrior shouts!
The orc knight roars a battlecry!
The orcs go into a battle-frenzy!
There is an open door here.
The orc warrior hits you from afar with an enchanted glaive!
The orc knight hits you from afar with a glaive!!
The orc knight barely misses you.
The orc knight hits you from afar with a glaive!
The orc knight roars a battlecry!
The orc knight goes into a battle-frenzy!
The orc knight hits you from afar with a glaive!
* * * LOW HITPOINT WARNING * * *
The orc knight hits you from afar with a halberd!!
You die...

##.........## ##..≈≈≈≈≈≈≈..##
##..≈≈))...≈≈..##
##########..≈≈..###..≈≈..######
#..........≈≈..## ##..≈≈.......
#.≈≈≈≈≈≈≈≈≈≈..##.∩.##..≈≈≈≈≈≈≈≈
#.≈..........##.....##....)..).
#.≈.#########'###+#############
#.≈.## #.@.......# ## #.≈))##
#..≈≈≈§≈≈≈.. ##. #.≈≈..##
#..§≈ooo..≈§. ##.. #∩.≈≈..#
#..≈≈oo⌠∩⌠..≈≈ #..≈
##.≈≈.)#+#..§≈...⌠...≈§ #..≈
#.≈≈..##.##..≈≈.....≈≈. ##..
#.≈..##...#+..≈≈§≈≈≈≈.. ##.
#.≈.##.....##.........##.$$$.##
#.≈.########## ########


You could see 2 orc knights and 3 orc warriors.

Vanquished Creatures
  Eustachio (D:5)
  2 ice beasts
  A sky beast (D:8)
  2 orc warriors
  2 ogres
  4 centaurs
  8 bullfrogs
  A gnoll sergeant (D:8)
  3 scorpions (D:4)
  5 wights (D:8)
  4 crimson imps
  A centaur zombie (D:7)
  2 quasits
  7 hounds
  3 jellies
  3 bullfrog skeletons
  3 orc priests
  4 orc wizards
  A centaur skeleton (D:4)
  3 iguanas (D:4)
  6 worker ants
  A hound zombie (D:5)
  2 worker ant zombies
  Robin (D:4)
  13 gnolls
  8 adders
  A shadow imp (D:7)
  2 oozes
  4 worms
  6 dart slugs
  3 leopard geckos (D:1)
  42 orcs
  14 bats
  5 giant cockroaches
  22 goblins
  12 hobgoblins
  11 jackals
  6 quokkas
  3 ball pythons
  3 frilled lizards
  10 kobolds
  A leopard gecko skeleton (D:4)
  A quokka skeleton (D:4)
  9 rats
  2 plants (D:4)
248 creatures vanquished.

Vanquished Creatures (collateral kills)
  2 howler monkeys (D:7)
2 creatures vanquished.

Vanquished Creatures (others)
  2 fungi (D:4)
  4 toadstools (D:1)
6 creatures vanquished.

Grand Total: 256 creatures vanquished

Notes
Turn   | Place    | Note
-------+----------+-------------------------------------------
     0 | D:1      | codl the Minotaur Berserker began the quest for the Orb.
     0 | D:1      | Reached XP level 1. HP: 19/19 MP: 0/0
   144 | D:1      | Reached XP level 2. HP: 19/27 MP: 1/1
   353 | D:1      | Reached ** piety under Trog
   482 | D:1      | Reached XP level 3. HP: 33/33 MP: 2/2
   908 | D:2      | Reached XP level 4. HP: 37/40 MP: 3/3
  1268 | D:2      | Reached *** piety under Trog
  1457 | D:2      | Upgraded the game from 0.22.1 to 0.22.1-1-ga44c0e5
  1614 | D:3      | Noticed a bullfrog
  1625 | D:3      | Killed a bullfrog
  1625 | D:3      | Reached skill level 1 in Slings
  1625 | D:3      | Reached XP level 5. HP: 47/47 MP: 4/4
  2085 | D:3      | Found a faded altar of an unknown god.
  2498 | D:4      | Reached XP level 6. HP: 31/55 MP: 5/5
  2658 | D:4      | Found a radiant altar of Vehumet.
  2682 | D:4      | "oof thats a lot of people
  2683 | D:4      | Noticed Robin
  2691 | D:4      | Reached skill level 5 in Fighting
  2697 | D:4      | Reached skill level 5 in Axes
  2702 | D:4      | "MY BERSERK RAN OUT TOO SOON
  2707 | D:4      | Reached **** piety under Trog
  2719 | D:4      | Killed Robin
  2720 | D:4      | "never mind it's fine
  2940 | D:4      | Reached XP level 7. HP: 57/61 MP: 6/6
  3036 | D:4      | Reached skill level 5 in Armour
  3042 | D:4      | "why this scorpion poisoning plants
  3354 | D:4      | Found a staircase to the Ecumenical Temple.
  3549 | D:5      | Entered Level 5 of the Dungeon
  3598 | D:5      | "oh boy
  3598 | D:5      | "this is bad
  3621 | D:5      | Reached skill level 5 in Dodging
  3621 | D:5      | Reached XP level 8. HP: 65/70 MP: 7/7
  3657 | D:5      | "nvm thanks berserk
  4116 | D:5      | Found a snail-covered altar of Cheibriados.
  4129 | D:5      | Noticed Eustachio
  4186 | D:5      | Killed Eustachio
  4186 | D:5      | Reached skill level 5 in Slings
  4507 | Temple   | Entered the Ecumenical Temple
  4962 | D:6      | Noticed Sigmund
  4963 | D:6      | "ah shit
  4972 | D:6      | Found a blossoming altar of Fedhas.
  5026 | D:7      | Reached ***** piety under Trog
  5037 | D:7      | Found a runed gate.
  5037 | D:7      | Found a runed gate.
  5038 | D:7      | Found a runed gate.
  5038 | D:7      | Noticed Paps's ghost (novice OpSu)
  5045 | D:7      | Noticed a troll
  5088 | D:7      | Reached XP level 9. HP: 49/79 MP: 8/8
  5979 | D:7      | "aw hell yeah axe of chopping
  5979 | D:7      | "as opposed to all other axes, who do not chop
  5979 | D:7      | "scrolls of brand weapon should inscribe your weapon with a
                  | brand name like pepsi or something
  6039 | D:8      | Received a gift from Trog
  6192 | D:8      | Received a gift from Trog
  6687 | D:8      | Found a flagged portal.
  6692 | Bailey   | Entered a bailey
  6990 | Bailey   | Noticed an orc knight
  6990 | Bailey   | Noticed an orc knight
  7026 | Bailey   | Mangled by an orc knight

Skill      XL: |  1  2  3  4  5  6  7  8  9 |
---------------+----------------------------+-----
Axes           | 4 5 6 7 8 |  8.0
Armour         | 3 4 5 6 7 |  7.6
Fighting       | 4 5 6 7 8 |  8.1
Dodging        | 3 4 5 6 |  6.9
Slings         | 1 2 4 6 8 |  8.0

Action                   |  1- 3 |  4- 6 |  7- 9 || total
-------------------------+-------+-------+-------++-------
Melee: Hand axe          |   103 |   142 |   316 ||   561
       Headbutt          |    19 |    24 |    80 ||   123
       Hunting sling     |       |       |     4 ||     4
 Fire: Hunting sling     |       |    87 |   203 ||   290
Throw: Stone             |       |    12 |     3 ||    15
Invok: Berserk           |       |     2 |     3 ||     5
Evoke: Wand              |       |       |     2 ||     2
  Use: Scroll            |     5 |     6 |    12 ||    23
  Eat: Chunk             |       |     9 |     9 ||    18
       Ration            |       |       |     2 ||     2
Armor: Animal skin       |    18 |       |       ||    18
       Leather armour    |    21 |    11 |       ||    32
       Chain mail        |       |    40 |   132 ||   172
       Scale mail        |       |       |    26 ||    26
Dodge: Dodged            |    80 |    84 |   183 ||   347

Table legend:
 A = Turns spent in this place as a percentage of turns spent in the entire game.
 B = Non-inter-level travel turns spent in this place as a percentage of non-inter-level travel turns spent in the entire game.
 C = Inter-level travel turns spent in this place as a percentage of turns spent in this place.
 D = Turns resting spent in this place as a percentage of non-inter-level travel turns spent in this place.
 E = Turns spent auto-exploring this place as a percentage of non-inter-level travel turns spent in this place.
 F = Non-inter-level travel turns spent in this place divided by the number of levels of this place that you've seen.
                   A       B       C       D       E      F
               +-------+-------+-------+-------+-------+----------------------
         Total | 100.0 | 100.0 |   5.4 |   9.6 |  53.1 | 664.4
       Dungeon |  92.8 |  93.0 |   5.3 |  10.4 |  53.0 | 772.2
        Temple |   2.4 |   2.0 |  22.4 |   0.0 |  98.5 | 132.0
        Bailey |   4.8 |   5.0 |   0.0 |   0.0 |  36.2 | 334.0
               +-------+-------+-------+-------+-------+----------------------

Table legend:
 A = Kills in this place as a percentage of kills in entire the game.
 B = Kills by you in this place as a percentage of kills by you in the entire game.
 C = Kills by friends in this place as a percentage of kills by friends in the entire game.
 D = Other kills in this place as a percentage of other kills in the entire game.
 E = Experience gained in this place as a percentage of experience gained in the entire game.
 F = Experience gained in this place divided by the number of levels of this place that you have seen.
                   A       B       C       D       E      F
               +-------+-------+-------+-------+-------+----------------------
         Total | 100.0 | 100.0 | 100.0 |   N/A | 100.0 | 506.3
       Dungeon |  95.2 |  95.1 | 100.0 |   N/A |  96.8 | 612.6
        Bailey |   4.8 |   4.9 |   0.0 |   N/A |   3.2 | 162.0
               +-------+-------+-------+-------+-------+----------------------
